 Dungeon Crawl Stone Soup version 0.27-a0-695-gb4952372f7 (webtiles) character file.

Game seed: 629404512528989819

75 Anon1729 the Bolt Thrower (level 4, 0/35 HPs)
             Began as a Formicid Hunter on Mar 21, 2021.
             Succumbed to an adder's poison
             ... on level 2 of the Dungeon.
             The game lasted 00:02:40 (2370 turns).

Anon1729 the Bolt Thrower (Formicid Hunter)         Turns: 2370, Time: 00:02:41

Health: 0/35       AC:  3    Str: 16 (17) XL:     4   Next: 55%
Magic:  4/4        EV: 11    Int:  8 (11) God:
Gold:   57         SH:  0    Dex: 10 (11) Spells: 3/3 levels left

rFire    . . .     SeeInvis +   a - +2 hand crossbow
rCold    . . .     Faith    .   (no shield)
rNeg     . . .     Spirit   .   c - +0 leather armour
rPois    .         Reflect  .   (helmet unavailable)
rElec    .         Harm     .   (no cloak)
rCorr    .         Rampage  .   (no gloves)
Will     .....                  (no boots)
Stlth    +.........             (no amulet)
HPRegen  0.11/turn              (no ring)
MPRegen  0.09/turn              (no ring)

@: lethally poisoned (0 -> -1)
A: permanent stasis, dig shafts and tunnels, antennae 3, four strong arms
a: Dig, Shaft Self


You were on level 2 of the Dungeon.
You visited 1 branch of the dungeon, and saw 2 of its levels.

You collected 57 gold pieces.

Inventory:

Hand Weapons
 a - a +2 hand crossbow (weapon)
 b - a +0 long sword
 e - a +0 short sword
 i - a +0 dagger of protection
Missiles
 d - 18 bolts (quivered ammo)
Armour
 c - a +0 leather armour (worn)
Scrolls
 g - a scroll of teleportation


   Skills:
 + Level 3.0 Fighting
 * Level 4.9 Crossbows
 + Level 1.6 Armour
 - Level 1.8 Dodging
 - Level 1.4 Stealth


You had 3 spell levels left.
You didn't know any spells.
Your spell library contained the following spells:

 Spells                   Type           Power      Damage    Failure   Level
 Magic Dart               Conj           0%         1d3       47%         1
 Call Imp                 Summ           0%         N/A       63%         2
 Slow                     Hex            0%         N/A       63%         2
 Conjure Flame            Conj/Fire      0%         6-21      85%         3
 Mephitic Cloud           Conj/Pois/Air  0%         N/A       85%         3
 Blink                    Tloc           Unusable   N/A       N/A         2

Dungeon Overview and Level Annotations

Branches:
Dungeon (2/15)

Altars:
Ashenzari


Innate Abilities, Weirdness & Mutations

You cannot be hasted, slowed, berserked, paralysed or teleported.
You can dig through walls and to a lower floor.
You have a pair of large antennae on your head. (SInv)
Your four strong arms can wield two-handed weapons with a shield.


Message History

* * * LOW HITPOINT WARNING * * *
You feel sick.
There is a stone staircase leading up here.
You aren't carrying any potions.
As you read the scroll labelled ITWINOD ASOCS, it crumbles to dust.
You feel a strange sense of stasis.
It was a scroll of teleportation.
* * * LOW HITPOINT WARNING * * *
You feel sick.
As you read the scroll labelled RIUHA KYWOGRAU, it crumbles to dust.
It is a scroll of amnesia.
You feel forgetful for a moment.
* * * LOW HITPOINT WARNING * * *
You feel sick.
As you read the scroll labelled ERROUG TICISE, it crumbles to dust.
It is a scroll of enchant weapon.
Your +1 hand crossbow glows red for a moment.
* * * LOW HITPOINT WARNING * * *
You feel sick.
* * * LOW HITPOINT WARNING * * *
You feel sick.
You see here a +0 war axe.
* * * LOW HITPOINT WARNING * * *
You feel sick.
* * * LOW HITPOINT WARNING * * *
You feel sick.
Found 6 gold pieces.
* * * LOW HITPOINT WARNING * * *
You feel sick.
* * * LOW HITPOINT WARNING * * *
You feel sick.
You see here 6 gold pieces.
* * * LOW HITPOINT WARNING * * *
You feel sick.
* * * LOW HITPOINT WARNING * * *
You feel sick.
* * * LOW HITPOINT WARNING * * *
You feel sick.
You feel less attractive to monsters.
* * * LOW HITPOINT WARNING * * *
You feel sick.
You die...

#.#
#.#
#.#
.#
#.#
#
##.#
#..#
#.##
#.#
#.#
#@#
#.#
#.#
#.#
#.#
#.#
#.#
..#


There were no monsters in sight!

Vanquished Creatures
  3 adders (D:2)
  A worm (D:2)
  2 dart slugs
  A leopard gecko (D:1)
  5 bats
  4 giant cockroaches
  7 goblins
  4 hobgoblins
  2 quokkas (D:1)
  2 frilled lizards (D:1)
  4 kobolds
  3 rats
38 creatures vanquished.

Notes
Turn   | Place    | Note
-------+----------+-------------------------------------------
     0 | D:1      | Anon1729 the Formicid Hunter began the quest for the Orb.
     0 | D:1      | Reached XP level 1. HP: 16/16 MP: 1/1
   380 | D:1      | Reached XP level 2. HP: 18/23 MP: 2/2
  1135 | D:1      | Reached XP level 3. HP: 28/28 MP: 3/3
  1497 | D:2      | Reached skill level 1 in Armour
  1573 | D:2      | Found a broken altar of Ashenzari.
  1807 | D:2      | Reached XP level 4. HP: 34/34 MP: 4/4
  2366 | D:2      | HP: 1/35 [poisoned by an adder]
  2370 | D:2      | Succumbed to an adder's poison

Illustrated notes

Levels and vault maps discovered:
D:1:      scummos_arrival_checkerplants, layout_basic, minmay_distorted
D:2:      layout_loops_ring, lemuel_crystal_altar, minmay_misc_feat_room,
          glass_columns_a, grunt_ministairs_15, minmay_increasing_density

Skill      XL: |  1  2  3  4 |
---------------+-------------+-----
Armour         | 1 |  1.6
Fighting       | 3 |  3.0
Crossbows      | |  4.9
Dodging        | |  1.8
Stealth        | |  1.4

Action                   |  1- 3 |  4- 6 || total
-------------------------+-------+-------++-------
Melee: Long sword        |    85 |    23 ||   108
       Short sword       |     4 |       ||     4
 Fire: Hand crossbow     |     2 |     2 ||     4
  Use: Scroll            |       |     3 ||     3
       Potion            |       |     3 ||     3
 Stab: Sleeping          |     2 |       ||     2
Armor: Leather armour    |    18 |     7 ||    25
Dodge: Dodged            |    74 |    15 ||    89
       Rpst.: Long sword |    21 |     6 ||    27

Table legend: (Time is in decaauts)
 A = Elapsed time spent in this place.
 B = Non-inter-level travel time spent in this place.
 C = Inter-level travel time spent in this place.
 D = Time resting spent in this place.
 E = Time spent auto-exploring this place.
 F = Levels seen in this place.
 G = Mean time per level.
                   A        B        C        D        E       F      G
               +--------+--------+--------+--------+--------+-----+--------+
         Total |   2410 |   2342 |     68 |    480 |   1495 |   2 | 1205.0 |
       Dungeon |   2410 |   2342 |     68 |    480 |   1495 |   2 | 1205.0 |
               +--------+--------+--------+--------+--------+-----+--------+

Top non-repeatable levels by time:
     D:1: 1510 daAuts
     D:2: 900 daAuts
